 Dungeon Crawl Stone Soup version 0.29-a0-384-g6960b1960d (webtiles) character file.

Game seed: 12505734785938399796

160 ptdevnull the Conjurer (level 4, -1/33 HPs)
             Began as a Demigod Conjurer on May 7, 2022.
             Slain by Sigmund
             ... wielding a +1 scythe of freezing
              (6 damage)
             ... on level 2 of the Dungeon.
             The game lasted 00:05:18 (1866 turns).

ptdevnull the Conjurer (Demigod Conjurer)           Turns: 1866, Time: 00:05:18

Health: -1/33      AC:  2    Str:  8    XL:     4   Next: 96%
Magic:  8/11       EV: 12    Int: 24    God:
Gold:   52         SH:  0    Dex: 12    Spells: 3/9 levels left

rFire   . . .      SeeInvis .   a - +0 short sword
rCold   . . .      Faith    .   (no shield)
rNeg    . . .      Spirit   .   h - +0 robe
rPois   .          Reflect  .   (no helmet)
rElec   .          Harm     .   (no cloak)
rCorr   .          Rampage  .   (no gloves)
Will    .....                   (no boots)
Stlth   ++........              (no amulet)
HPRegen 0.11/turn               (no ring)
MPRegen 0.12/turn               (no ring)

@: no status effects
A: high MP 1, forlorn, divine attributes
a: no special abilities


You were on level 2 of the Dungeon.
You visited 1 branch of the dungeon, and saw 2 of its levels.

You collected 52 gold pieces.

Inventory:

Hand Weapons
 a - a +0 short sword (weapon)
Missiles
 i - 40 stones
Armour
 h - a +0 robe (worn)
Scrolls
 c - 2 scrolls of identify {unknown}
 f - a scroll of fog {unknown}
 j - a scroll of enchant weapon {unknown}
 k - a scroll of enchant armour {unknown}
 l - a scroll of fear {unknown}
Potions
 b - 2 potions of magic
 d - a potion of mutation {unknown}
 e - a potion of flight
 g - a potion of cancellation


   Skills:
 - Level 1.7 Dodging
 - Level 1.7 Stealth
 + Level 3.3 Spellcasting
 * Level 4.9 Conjurations
 + Level 0.5 Hexes


You had 3 spell levels left.
You knew the following spells:

 Your Spells              Type           Power      Damage    Failure   Level
a - Magic Dart            Conj           100%       1d8       1%          1
b - Searing Ray           Conj           54%        2d6       1%          2
c - Dazzling Flash        Conj/Hex       34%        N/A       11%         3

Your spell library contained the following spells:

 Spells                   Type           Power      Damage    Failure   Level
 Animate Skeleton         Necr           6%         N/A       11%         1
 Fulminant Prism          Conj/Hex       8%         3d7       34%         4
 Iskenderun's Mystic Bla  Conj/Tloc      15%        2d5       36%         4


Dungeon Overview and Level Annotations

Branches:
Dungeon (2/15)

Annotations:
D:2 Sigmund


Innate Abilities, Weirdness & Mutations

You have an increased reservoir of magic. (+10% MP)
You shall have no god before yourself.
Your divine heritage dramatically boosts your attributes as you level up.


Message History

You fly up into the air.
It was a potion of cancellation.
Your magical effects are unravelling.
You feel magically purged.
You float gracefully downwards.
You feel less confused.
A frilled lizard comes into view.
Sigmund zaps a wand.
The puff of flame hits you.
Casting: Magic Dart (safe; 1% risk of failure)
Confirm with . or Enter, or press ? or * to list all spells.
Okay, then.
There is an open door here.
As you close the door, it creaks loudly!
A hobgoblin opens the door.
Sigmund says, "Look into my eyes."
The frilled lizard hisses angrily.
You barely miss the hobgoblin. The hobgoblin misses you.
You hit the hobgoblin.
The hobgoblin is moderately wounded.
The hobgoblin hits you.
Sigmund hits you from afar with a +1 scythe of freezing.
Sigmund freezes you.
The hobgoblin hits you but does no damage.
Casting: Magic Dart (safe; 1% risk of failure)
Confirm with . or Enter, or press ? or * to list all spells.
The spell is quite dangerous to miscast (11% risk of failure)!
Continue anyway?
Casting: Dazzling Flash (quite dangerous; 11% risk of failure)
Press: ? - help, Dir - look around, f - activate The frilled lizard is dazzled.
The hobgoblin is dazzled.
Sigmund casts a spell.
Sigmund flickers and vanishes!
Deactivating autopickup; reactivate with Ctrl-A.
The hobgoblin barely misses you. The frilled lizard closely misses you.
You barely miss the frilled lizard. Something hits you. Something freezes you.
The hobgoblin closely misses you. The frilled lizard bites you.
You hit the frilled lizard.
You kill the frilled lizard!
Something hits you!
* * * LOW HITPOINT WARNING * * *
Something freezes you.
You die...

#........@...# #. #.
#..........g.# #.# #.#
#....>..# #.# #..
#...[..## ###.######..
#....).###### #....#......
#.....@g....# #.#..#.####.
##.....####{###'#...>....#
#...^.#.............###.#
#######.@g..............#
#..........########
#..................
#........[.########
#..........# #..........#
#..........# #..........#
........#


You could see a hobgoblin (blind).

Vanquished Creatures
  A jelly (D:2)
  Natasha (thrice) (D:1)
  3 adders (D:2)
  A dart slug (D:1)
  7 endoplasms
  A giant cockroach (D:2)
  2 hobgoblins (D:1)
  3 ball pythons
  5 bats
  2 frilled lizards
  2 kobolds
  5 rats
35 creatures vanquished.

Notes
Turn   | Place    | Note
-------+----------+-------------------------------------------
     0 | D:1      | ptdevnull the Demigod Conjurer began the quest for the Orb.
     0 | D:1      | Reached XP level 1. HP: 14/14 MP: 5/5
   254 | D:1      | Got Plato's Reference Book on Dark Rites
   318 | D:1      | Reached XP level 2. HP: 20/20 MP: 3/7
   893 | D:1      | Reached skill level 4 in Conjurations
   978 | D:2      | Noticed Natasha
   990 | D:1      | Killed Natasha
   991 | D:1      | Reached XP level 3. HP: 18/26 MP: 1/9
  1113 | D:1      | Noticed Natasha
  1117 | D:1      | Killed Natasha
  1148 | D:1      | Noticed Natasha
  1154 | D:1      | Killed Natasha
  1155 | D:1      | Reached XP level 4. HP: 18/33 MP: 3/11
  1637 | D:2      | Learned a level 2 spell: Searing Ray
  1641 | D:2      | Learned a level 3 spell: Dazzling Flash
  1842 | D:2      | Noticed Sigmund
  1866 | D:2      | Slain by Sigmund

Illustrated notes

Levels and vault maps discovered:
D:1:      dreamdust_arrival_sigmund_warning, layout_basic,
          shapermc_ecumenical_altar_rom_forum, minmay_misc_feat_five,
          minmay_misc_feat_columns, minmay_pentomino_t4
D:2:      layout_basic, uniq_natasha, uniq_sigmund

Skill      XL: |  1  2  3 |
---------------+----------+-----
Spellcasting   | 2 3 |  3.3
Conjurations   | 4 |  4.9
Dodging        | |  1.7
Stealth        | |  1.7
Hexes          | |  0.5

Action                   |  1- 3 |  4- 6 || total
-------------------------+-------+-------++-------
Melee: Short sword       |     4 |     4 ||     8
 Cast: Magic Dart        |    43 |    28 ||    71
       Dazzling Flash    |       |     1 ||     1
  Use: Potion            |       |     2 ||     2
Armor: Robe              |     6 |     1 ||     7
Dodge: Dodged            |     8 |     4 ||    12

Table legend: (Time is in decaauts)
 A = Elapsed time spent in this place.
 B = Non-inter-level travel time spent in this place.
 C = Inter-level travel time spent in this place.
 D = Time resting spent in this place.
 E = Time spent auto-exploring this place.
 F = Levels seen in this place.
 G = Mean time per level.
                   A        B        C        D        E       F      G
               +--------+--------+--------+--------+--------+-----+--------+
         Total |   1867 |   1676 |    191 |    283 |   1220 |   2 |  933.5 |
       Dungeon |   1867 |   1676 |    191 |    283 |   1220 |   2 |  933.5 |
               +--------+--------+--------+--------+--------+-----+--------+

Top non-repeatable levels by time:
     D:1: 1336 daAuts
     D:2: 531 daAuts
